 Dungeon Crawl Stone Soup version 0.27.0-1-g7a089689b8 (webtiles) character file.

Game seed: 5565932321900962406

88 dtburroughs the Skirmisher (level 4, -3/61 HPs)
             Began as a Minotaur Berserker on Aug 11, 2021.
             Was a Believer of Trog.
             Slain by a worm (11 damage)
             ... on level 2 of the Dungeon.
             The game lasted 00:01:54 (2064 turns).

dtburroughs the Skirmisher (Minotaur Berserker)     Turns: 2064, Time: 00:01:54

Health: -3/61      AC:  2    Str: 22    XL:     4   Next: 30%
Magic:  3/3        EV: 12    Int:  5    God:    Trog [**....]
Gold:   80         SH:  0    Dex:  9    Spells: 3/3 levels left

rFire    . . .     SeeInvis .   a - +0 hand axe
rCold    . . .     Faith    .   (no shield)
rNeg     . . .     Spirit   .   b - +0 animal skin
rPois    .         Reflect  .   (helmet restricted)
rElec    .         Harm     .   (no cloak)
rCorr    .         Rampage  .   (no gloves)
Will     ++...                  (no boots)
Stlth    ..........             (no amulet)
HPRegen  1.20/turn              (no ring)
MPRegen  0.08/turn              (no ring)

@: berserking, strong-willed, regenerating, very quick
A: horns 2, retaliatory headbutt
a: Renounce Religion, Berserk, Trog's Hand


You were on level 2 of the Dungeon.
You worshipped Trog.
Trog was pleased with you.
You visited 1 branch of the dungeon, and saw 2 of its levels.

You collected 80 gold pieces.

Inventory:

Hand Weapons
 a - a +0 hand axe (weapon)
Armour
 b - a +0 animal skin (worn)
Scrolls
 c - a scroll of identify {unknown}
 d - a scroll of fear {unknown}
 f - a scroll of amnesia {unknown}
Potions
 e - a potion of magic {unknown}
 g - a potion of might {unknown}


   Skills:
 + Level 4.4 Fighting
 + Level 4.3 Axes
 + Level 3.5 Armour
 + Level 3.1 Dodging


You had 3 spell levels left.
You didn't know any spells.
Your spell library was empty.

Dungeon Overview and Level Annotations

Branches:
Dungeon (2/15)

Altars:


Innate Abilities, Weirdness & Mutations

You have a pair of horns on your head.
You reflexively headbutt those who attack you in melee.


Message History

You headbutt the adder. The adder barely misses you.
You miss the adder.
The adder is almost dead.
You feel sick.
You are no longer poisoned.
The adder bites you.
* * * LOW HITPOINT WARNING * * *
You are poisoned.
The adder poisons you!
You miss the adder.
The adder is almost dead.
You feel sick. The adder misses you. You furiously retaliate!
You headbutt the adder!
You kill the adder!
Trog accepts your kill.
You slash the worm!
You headbutt the worm, but do no damage.
The worm is heavily wounded.
You feel sick. The worm bites you!
* * * LOW HITPOINT WARNING * * *
You hit the worm.
The worm is severely wounded.
You feel sick.
You completely miss the worm.
The worm is severely wounded.
You feel sick. The worm misses you. You furiously retaliate!
You headbutt the worm. You barely miss the worm. Your headbutt misses the worm.
The worm is almost dead.
You feel sick.
You are no longer poisoned.
The worm misses you.
You hit the worm but do no damage.
The worm is severely wounded.
You hit the worm.
The worm is almost dead.
The worm misses you.
A red film seems to cover your vision as you go berserk!
You feel yourself moving faster!
You feel mighty! The worm bites you!
You die...

######### #...
........####.#### #
.######.##......## .#
####.##.#.##..##.#
#.......#........#
.###.#..##.###..=..##.#
........##.# ##.......#
####.#.###.# ##w###..#
#....##.# #@# .
###..##.# #.# #..##.#
#+# #..##.# #.....#
##.<#### ##...#### .
#.......+ . ##...#### .


You could see a worm.

Vanquished Creatures
  A gnoll (D:1)
  2 adders (D:2)
  A dart slug (D:1)
  7 bats
  2 endoplasms (D:1)
  A giant cockroach (D:1)
  6 goblins
  4 hobgoblins
  10 jackals
  5 kobolds
  2 quokkas (D:2)
  5 ball pythons
  2 frilled lizards
  5 rats
53 creatures vanquished.

Vanquished Creatures (others)
  A plant (D:1)
1 creature vanquished.

Grand Total: 54 creatures vanquished

Notes
Turn   | Place    | Note
-------+----------+-------------------------------------------
     0 | D:1      | dtburroughs the Minotaur Berserker began the quest for the
                  | Orb.
     0 | D:1      | Reached XP level 1. HP: 19/19 MP: 0/0
    20 | D:1      | Found a faded altar of an unknown god.
    67 | D:1      | Reached XP level 2. HP: 25/27 MP: 1/1
   588 | D:1      | Reached ** piety under Trog
   598 | D:1      | Reached XP level 3. HP: 24/33 MP: 2/2
  1715 | D:2      | Reached XP level 4. HP: 35/41 MP: 3/3
  2058 | D:2      | HP: 2/41 [worm (9)]
  2064 | D:2      | Slain by a worm

Illustrated notes

Levels and vault maps discovered:
D:1:      wander_arrival_fairy_ring, layout_rooms,
          shapermc_ecumenical_altar_totnotflames, minivault_23
D:2:      layout_loops_corners, minmay_tetromino_i4, uniq_crazy_yiuf_cottage

Skill      XL: |  1  2  3 |
---------------+----------+-----
Fighting       | 4 |  4.4
Axes           | 4 |  4.3
Armour         | 3 |  3.5
Dodging        | 3 |  3.1

Action                   |  1- 3 |  4- 6 || total
-------------------------+-------+-------++-------
Melee: Hand axe          |    75 |    37 ||   112
       Headbutt          |     7 |     4 ||    11
Invok: Berserk           |       |     1 ||     1
       Trog's Hand       |       |     1 ||     1
Armor: Animal skin       |    18 |     1 ||    19
Dodge: Dodged            |    62 |    30 ||    92
